 Dungeon Crawl Stone Soup version 0.31.0-11-ge490571c62 (webtiles) character file.

Game seed: 9312243923246197186

17 dialectric the Charlatan (level 2, -1/23 HPs)
             Began as a Minotaur Artificer on Jan 29, 2024.
             Slain by a quokka (4 damage)
             ... on level 1 of the Dungeon.
             The game lasted 00:00:39 (373 turns).

dialectric the Charlatan (Minotaur Artificer)        Turns: 373, Time: 00:00:39

Health: -1/23      AC:  3    Str: 16    XL:     2   Next: 44%
Magic:  1/1        EV: 11    Int:  8    God:
Gold:   72         SH:  0    Dex: 10    Spells: 1/1 levels left

rFire   . . .        a - +0 club
rCold   . . .        (no shield)
rNeg    . . .        b - +0 leather armour
rPois   .            (helmet restricted)
rElec   .            (no cloak)
rCorr   .            (no gloves)
SInv    .            (no boots)
Will    .....        (no amulet)
Stlth   +            (no ring)
HPRegen 0.23/turn    (no ring)
MPRegen 0.07/turn

%: no passive effects
@: no status effects
A: horns 2, retaliatory headbutt
a: no special abilities


You were on level 1 of the Dungeon.
You visited 1 branch of the dungeon, and saw 1 of its levels.

You collected 72 gold pieces.

Inventory:

Hand Weapons
 a - a +0 club (weapon)
Armour
 b - a +0 leather armour (worn)
Wands
 c - a wand of flame (15) (quivered)
 d - a wand of charming (15)
 e - a wand of iceblast (5)
Scrolls
 g - 2 scrolls of identify {unknown}


   Skills:
 + Level 1.2 Fighting
 + Level 0.2 Maces & Flails
 + Level 2.9 Armour
 + Level 1.2 Dodging
 * Level 1.0 Stealth
 - Level 3.0 Evocations


You had one spell level left.
You didn't know any spells.
Your spell library was empty.

Dungeon Overview and Level Annotations

Branches:
Dungeon (1/15)

Altars:


Innate Abilities, Weirdness & Mutations

You have a pair of horns on your head.
You reflexively headbutt those who attack you in melee.


Message History

You are too injured to fight recklessly!
You are too injured to fight recklessly!
You are too injured to fight recklessly!
The quokka barely misses you. The endoplasm freezes you.
You are frozen.
* * * LOW HITPOINT WARNING * * *
The quokka bites you.
* * * LOW HITPOINT WARNING * * *
Aiming: Charm
Press: ? - help, Shift-Dir - straight line, f - giant cockroach
Aim: a giant cockroach (chance to affect: 73%)
Okay, then.
Okay, then.
It was a potion of curing.
You feel better. The giant cockroach closely misses you.
The giant cockroach barely misses you. You furiously retaliate!
You headbutt the giant cockroach. You hit the giant cockroach.
You kill the giant cockroach!
Your Stealth skill increases to level 1!
You hit the endoplasm.
The endoplasm is severely wounded.
The endoplasm freezes you.
You are frozen.
The endoplasm hits you.
You barely miss the endoplasm.
The endoplasm is severely wounded.
The endoplasm freezes you.
You are frozen.
* * * LOW HITPOINT WARNING * * *
You hit the endoplasm but do no damage.
The endoplasm is severely wounded.
The endoplasm freezes you.
You are frozen.
* * * LOW HITPOINT WARNING * * *
You hit the endoplasm.
You kill the endoplasm!
The quokka bites you.
* * * LOW HITPOINT WARNING * * *
You hit the quokka but do no damage. The quokka bites you.
You die...

##.## ###.### ##.#
#.# #..# #.# #.##
#.# #.# #.########
#.# #..†..B... #.#
#..#......
##.########.># #####
#.......@r..†#
#..########.........
#..# #......... #..#
##.#.####. #.†#
#######.#.# ##..#
#.......#.#
#...###.#######.#
#................
#...###..######..


You could see a quokka.

Vanquished Creatures
  5 bats (D:1)
  3 endoplasms (D:1)
  A giant cockroach (D:1)
  A goblin (D:1)
  A jackal (D:1)
  A kobold (D:1)
  A quokka (D:1)
  A ball python (D:1)
  A rat (D:1)
15 creatures vanquished.

Notes
Turn   | Place    | Note
-------+----------+-------------------------------------------
     0 | D:1      | dialectric the Minotaur Artificer began the quest for the
                  | Orb.
     0 | D:1      | Reached XP level 1. HP: 16/16 MP: 0/0
   119 | D:1      | Reached skill level 3 in Evocations
   275 | D:1      | Reached XP level 2. HP: 23/23 MP: 1/1
   369 | D:1      | Reached skill level 1 in Stealth
   373 | D:1      | Slain by a quokka

Illustrated notes

Levels and vault maps discovered:
D:1:      erik_arrival_cave_to_civilisation [erik_arrival_cave_to_hall],
          layout_loops_ring, hex_tiny, minmay_small_reverse_x

Skill      XL: |  1  2 |
---------------+-------+-----
Evocations     | 3 |  3.0
Stealth        | 1 |  1.0
Fighting       | |  1.2
Maces & Flails | |  0.2
Armour         | |  2.9
Dodging        | |  1.2

Action                     || total
---------------------------++-------
  Melee: Club              ||    29
         Headbutt          ||     4
    Use: Potion            ||     1
 Armour: Leather armour    ||    28
  Dodge: Dodged            ||    25
